Map: Simulacro LE

Players

LowLinK - Winner!

  • Race: Protoss Protoss
  • League: Platinum
  • Spawn Location: 11:00

Bloodwolf

  • Race: Zerg Zerg
  • League: Diamond
  • Spawn Location: 5:00

VOD

Have the link to the VOD?

Description

Time

  • Played on: Feb. 16, 2020, 9:35 a.m.
  • Length: 5:40
Show
View Real Time Build Order
Export as new Build Order

LowLinK Protoss - Winner!

Build Orders:  

Get SALT Encoding   

  12  0:01  Probe  
  13  0:13  Probe  
  14  0:17  Pylon  
  14  0:25  Probe  
  15  0:37  Gateway  
  15  0:38  Probe (Chrono Boost)  
  16  0:47  Probe (Chrono Boost)  
  16  0:49  Assimilator  
  17  0:52  Probe (Chrono Boost)  
  18  1:04  Probe  
  18  1:05  Assimilator  
  19  1:16  Probe  
  20  1:19  Pylon  
  20  1:25  Cybernetics Core  
  20  1:35  Probe  
  21  1:52  Gateway  
  21  1:53  Gateway  
  21  1:55  Probe  
  21  1:58  Warp Gate (Chrono Boost)  
  21  2:01  Pylon  
  22  2:08  Probe  
  23  2:22  Gateway  
  23  2:34  Gateway  
  23  2:39  Sentry  
  25  2:51  Adept  
  27  3:09  Pylon  
  27  3:17  Stalker  
  27  3:18  Pylon  
  29  3:32  Stalker x4  
  37  3:56  Adept  
  37  4:01  Adept  
  37  4:02  Zealot x3  
  47  4:21  Zealot x2  
  47  4:23  Sentry  
  53  4:49  Stalker  
  55  4:54  Pylon  
  49  5:15  Stalker x3  
  49  5:16  Stalker x2  
Show
View Real Time Build Order
Export as new Build Order

Bloodwolf Zerg 

Build Orders: Pool First, Roach Nydus 

Get SALT Encoding   

  12  0:01  Drone  
  13  0:08  Drone  
  14  0:25  Spawning Pool  
  13  0:29  Drone  
  14  0:35  Extractor  
  14  0:40  Overlord  
  13  0:45  Drone  
  14  1:01  Drone x2  
  16  1:05  Drone  
  17  1:12  Queen  
  17  1:15  Drone  
  20  1:26  Zergling x2  
  21  1:35  Zergling x2  
  22  1:57  Hatchery  
  22  1:58  Drone  
  22  2:00  Overlord  
  22  2:09  Lair  
  22  2:20  Roach Warren  
  21  2:25  Drone  
  21  2:27  Drone  
  23  2:31  Drone  
  23  2:35  Drone  
  25  2:37  Drone  
  26  2:46  Extractor  
  26  2:48  Drone x2  
  27  2:57  Overlord  
  27  3:02  Drone x2  
  27  3:04  Drone  
  30  3:16  Nydus Network  
  29  3:23  Queen  
  29  3:26  Drone  
  32  3:40  Drone x5  
  37  3:48  Overlord  
  37  3:49  Drone x2  
  39  4:00  Drone x3  
  39  4:01  Drone  
  43  4:07  Glial Reconstitution  
  43  4:16  Roach x4  
  51  4:24  Roach  
  43  4:35  Overlord  
  43  4:45  Roach x2  
  43  4:58  Roach  
  45  5:12  Roach x3  
Tags
 
Add a new tag
Caveats
  • Supply blocks, unpowered buildings, or Contaminate may cause inaccurate times.
  • Supply counts are checked every 10 seconds.